[Event "Late-Titled-Tuesday-Blitz-February-27-2024"]
[Site "Chess.com"]
[Date "2024.02.27"]
[Round "11"]
[White "wqws"]
[Black "Arystanner"]
[Result "0-1"]
[WhiteElo "2688"]
[BlackElo "2796"]
[TimeControl "180+1"]
[EndTime "16:06:36 PST"]
[Termination "Arystanner won by resignation"]

1. e4 c5 2. Nf3 Nc6 3. d4 cxd4 4.
Nxd4 e5 5. Nb5 d6 6. c4 g6 7. N1c3 a6 8. Na3 Be6 9. h4 Bh6 10. Bxh6 Nxh6 11. Qd2 Ng4 12. f3 Nf6 13. Nc2 Nh5 14.
O-O-O Qb6 15. Qe3 Qc7 16. g4 Ng3 17. Rg1 Nxf1 18. Rgxf1 Bxc4 19. Rf2 O-O-O 20. Rfd2 Kb8 21. Kb1 Be6 22. Nd5 Bxd5 23. Rxd5 Ne7 24. R5d3 Rc8 25. Qd2 Rhd8 26. Ne3 Nc6 27. Nd5 Qa5 28. Qxa5 Nxa5 29. Nf6 h6 30. Rxd6 Rxd6 31. Rxd6 Nc4 32. Rd7 Rc6 33.
Ng8 h5 34. g5 Rc7 35. Rd5 Ne3 36. Rxe5 Ng2 37. Re8+ Ka7 38. Ne7 b5 39. Nc8+ Kb7 40. Nd6+ Kc6 41. e5 Nxh4 42. f4 Ng2 43. f5 gxf5 44.
Nxf5 Kd5 45. e6 fxe6 46. Ne7+ Kd6 47. Ng8 Rc5 48. g6 Rg5 49. Ne7 Nf4 50. Nc8+ Kd7 51.
Rg8 Rxg6 52. Nb6+ Kc6 53. Rxg6 Nxg6 0-1

[Event "Late-Titled-Tuesday-Blitz-February-27-2024"]
[Site "Chess.com"]
[Date "2024.02.27"]
[Round "11"]
[White "AlexTruskavetsky"]
[Black "maximnovik"]
[Result "0-1"]
[WhiteElo "2688"]
[BlackElo "2610"]
[TimeControl "180+1"]
[EndTime "16:06:37 PST"]
[Termination "maximnovik won by checkmate"]

1. d4 Nf6 2. c4 g6 3. Nc3 d5 4.
cxd5 Nxd5 5. e4 Nxc3 6. bxc3 Bg7 7. Nf3 c5 8. Be2 Nc6 9. Be3 Bg4 10. O-O Bxf3 11.
Bxf3 cxd4 12. cxd4 Nxd4 13. Rb1 b6 14. Qa4+ Qd7 15.
Qxd7+ Kxd7 16. Bxd4 Bxd4 17. e5 Bxe5 18. Bxa8 Rxa8 19.
Rfd1+ Bd6 20. Rbc1 b5 21. Kf1 a5 22. Ke2 b4 23.
Kd3 Rb8 24. Kc4 a4 25. g3 f5 26. Rb1 Ke6 27. Re1+ Kf6 28. Kd3 g5 29. f3 h5 30. Re2 g4 31. f4 h4 32. Kc4 Rc8+ 33. Kb5 Rc3 34. Rg1 a3 35. Ka4 Rf3 36. Rgg2 Bc5 37.
Rc2 Bd6 38. Rgf2 hxg3 39. Rxf3 gxf3 40. hxg3 e5 41. fxe5+ Kxe5 42. Kb3 Ke4 43. Rc1 Bxg3 44. Kc2 f2 45. Rf1 Kf3 46. Kd3 Be5 47. Rb1 b3 48. Rxb3 f1=Q+ 49. Kc2+ Ke4 50. Rxa3 Qe2+ 51. Kb3 Qb2+ 52.
Ka4 Bc3 53. Rb3 Qxa2+ 54. Kb5 Qxb3+ 55. Ka6 Qb4 56. Ka7 Kd5 57. Ka8 Kc6 58. Ka7 Qb7# 0-1

[Event "Late-Titled-Tuesday-Blitz-February-27-2024"]
[Site "Chess.com"]
[Date "2024.02.27"]
[Round "11"]
[White "otrov-11"]
[Black "1977Ivan"]
[Result "1/2-1/2"]
[WhiteElo "2620"]
[BlackElo "2735"]
[TimeControl "180+1"]
[EndTime "16:06:40 PST"]
[Termination "Game drawn - insufficient material"]

1. d4 Nf6 2. c4 c5 3. d5 e6 4. Nc3 exd5 5. cxd5 d6 6. g3 g6 7.
Bg2 Bg7 8. Nf3 O-O 9. O-O Nbd7 10. h3 Rb8 11. a4 a6 12. a5 b5 13. axb6 Nxb6 14. e4 Re8 15. Re1 Nc4 16. Qc2 Qb6 17. Bf1 Ne5 18. Nxe5 Rxe5 19. Bf4 Re8 20. Reb1 Nh5 21.
Be3 Bd4 22. Qd2 Nf6 23. Bg2 Bd7 24. Qd3 a5 25. Bxd4 cxd4 26. Ne2 Bb5 27. Qxd4 Nxe4 28.
Qxb6 Rxb6 29. Nd4 Bd7 30. Re1 Nc5 31. Rxe8+ Bxe8 32. Rxa5 Rxb2 33. Ra8 Kf8 34. Ra3 Rd2 35. Nc6 Bd7 36. Rf3 Kg7 37. g4 h6 38. Re3 f5 39. f3 Kf6 40. gxf5 Bxf5 41. f4 Nd3 42. Ne7 Nxf4 43. Bf1 Bd3 44. Rf3 g5 45. Bxd3 Rxd3 46. Ng8+ Kg7 47. Rxd3 Nxd3 48. Ne7 Kf6 49. Ng8+ Kg6 50.
Ne7+ Kf6 51. Ng8+ Ke5 52. Nxh6 Nf4 53. Kh2 Nxd5 54. Nf7+ Kf4 55. Nxd6 g4 56. hxg4 Kxg4 1/2-1/2

[Event "Late-Titled-Tuesday-Blitz-February-27-2024"]
[Site "Chess.com"]
[Date "2024.02.27"]
[Round "11"]
[White "Cambek64"]
[Black "GoltsevDmitry2000"]
[Result "1-0"]
[WhiteElo "2504"]
[BlackElo "2721"]
[TimeControl "180+1"]
[EndTime "16:06:40 PST"]
[Termination "Cambek64 won by checkmate"]

1. e4 e6 2. d4 d5 3. exd5 exd5 4. c3 Nf6 5. Bd3 c5 6. Ne2 Nc6 7.
O-O Bd6 8. dxc5 Bxc5 9. Nd2 O-O 10. Nb3 Bb6 11. Bg5 Bg4 12. Qc2 h6 13. Bh4 Re8 14.
h3 Bxe2 15. Bxe2 Qd6 16. Bxf6 Qxf6 17. Rad1 Rad8 18. Bf3 Qf4 19. Qd2 Qh4 20. Rfe1 Ne5 21. Bxd5 Re6 22. Re4 Nf3+ 23. gxf3 Qg3+ 24. Kf1 Qxh3+ 25.
Ke2 Qg2 26. Rf1 Rf6 27. Qd3 h5 28. c4 Bc7 29. Nd4 Bf4 30. Nc2 Kh8 31. Ne1 Qh2 32.
Qd4 h4 33. Nd3 Bg5 34. Rg4 Re8+ 35. Kd1 Rf5 36. f4 Bh6 37. Rh1 Rxd5 38. Qxd5 Qxh1+ 39. Qxh1 Rd8 40. Kc2 f5 41. Rxh4 Rd6 42. Rxh6+ gxh6 43. Qh5 Rf6 44. Ne5 Kg7 45. c5 b6 46. Qe8 bxc5 47. Qe7+ Rf7 48. Qxf7+ Kh8 49. Ng6# 1-0

[Event "Late-Titled-Tuesday-Blitz-February-27-2024"]
[Site "Chess.com"]
[Date "2024.02.27"]
[Round "11"]
[White "Binary010"]
[Black "jaskol95"]
[Result "1-0"]
[WhiteElo "2799"]
[BlackElo "2571"]
[TimeControl "180+1"]
[EndTime "16:06:41 PST"]
[Termination "Binary010 won by checkmate"]

1. d4 d5 2. c4 e5 3. dxe5 d4 4. Nf3 Nc6 5. a3 a5 6. e3 Bc5 7. exd4 Bxd4 8. Be2 Bf5 9. O-O Bxe5 10. Nxe5 Nxe5 11. Nc3 Qxd1 12. Rxd1 Ne7 13. Nb5 Rc8 14. Bf4 N7g6 15. Bxe5 Nxe5 16. Rd5 f6 17. f4 Be6 18.
fxe5 Bxd5 19. cxd5 fxe5 20. Bg4 Rd8 21. Re1 O-O 22.
Nxc7 h5 23. Be6+ Kh7 24. Rxe5 Rd6 25. Rxh5+ Kg6 26. Re5 Rb6 27. Re2 Rf4 28. Rd2 Rd6 29.
Nb5 Rd8 30. d6 Kf6 31. Bh3 g5 32. g3 Rc4 33. Bf1 Rc5 34. a4 Ke5 35. b3 Rc1 36. Kg2 Rf8 37. Bc4 g4 38. Re2+ Kf6 39. Rf2+ Kg7 40.
Rxf8 Kxf8 41. Kf2 Ke8 42. Ke3 Kd7 43. Kf4 Rh1 44. Be2 Rxh2 45. Bxg4+ Kd8 46. Bf3 b6 47. g4 Kd7 48. g5 Rh8 49. Bg4+ Kd8 50. g6 Rf8+ 51.
Ke5 Rf7 52. Nd4 Rf1 53. Nc6+ Ke8 54. d7+ Kf8 55. d8=Q+ Kg7 56. Bf5 Re1+ 57. Kf4 Rf1+ 58. Kg5 Rg1+ 59. Bg4 Rxg4+ 60. Kxg4 Kh6 61. Ne5 Kg7 62.
Kg5 b5 63. Qe7+ Kg8 64. axb5 a4 65. b4 a3 66. b6 a2 67. Qf7+ Kh8 68. b7 a1=N 69.
b8=Q# 1-0

[Event "Late-Titled-Tuesday-Blitz-February-27-2024"]
[Site "Chess.com"]
[Date "2024.02.27"]
[Round "11"]
[White "Akhayan"]
[Black "Englishman_18"]
[Result "1-0"]
[WhiteElo "2424"]
[BlackElo "2298"]
[TimeControl "180+1"]
[EndTime "16:06:41 PST"]
[Termination "Akhayan won on time"]

1. e4 c5 2. Nf3 d6 3. d4 cxd4 4. Nxd4 Nf6 5. Nc3 a6 6. Bc4 e6 7.
Bb3 Nbd7 8. O-O Nc5 9. f4 Be7 10. e5 dxe5 11. fxe5 Nxb3 12. axb3 Nd5 13. Ne4 O-O 14. Kh1 f5 15. exf6 Nxf6 16. Ng5 e5 17. Nde6 Qxd1 18. Rxd1 Bxe6 19. Nxe6 Rfc8 20. c4 Ne4 21.
Re1 Kf7 22. Rxe4 Kxe6 23. Bf4 Bd6 24. Rae1 Kf5 25. Bxe5 Bxe5 26. Rxe5+ Kf6 27. Re6+ Kf7 28. Re7+ Kf8 29. Rxb7 a5 30. Rf1+ Kg8 31. Rff7 Re8 32. Rxg7+ Kh8 33. Rxh7+ Kg8 34. Rbg7+ Kf8 35. h4 a4 36.
bxa4 Rxa4 37. Rh8+ Kxg7 38. Rxe8 Rxc4 39. g3 Rc2 40.
Rb8 Kg6 41. Rb5 Kf6 42. Kg1 Kg6 43. Kf1 Kf6 44. Ke1 Rg2 45. Rb3 Ke5 46. Kd1 Ke4 47. h5 Kf5 48. h6 Kg6 49. Rb6+ Kh7 50. Kc1 Rxg3 51. Kc2 Rh3 52. b4 Rg3 53. Kb2 Rf3 54.
Rc6 Rh3 55. Rc3 Rh5 56. Kb3 Kxh6 57. Rg3 Rb5 58. Kc4 Rb8 59. b5 Rc8+ 60. Kb4 Rc1 61. b6 1-0

[Event "Late-Titled-Tuesday-Blitz-February-27-2024"]
[Site "Chess.com"]
[Date "2024.02.27"]
[Round "11"]
[White "secretsuperstar7"]
[Black "Vigg-Sama"]
[Result "0-1"]
[WhiteElo "2501"]
[BlackElo "2300"]
[TimeControl "180+1"]
[EndTime "16:06:44 PST"]
[Termination "Vigg-Sama won on time"]

1. c4 g6 2. Nc3 c5 3. g3 Bg7 4.
Bg2 Nc6 5. Nf3 e6 6. O-O Nge7 7. a3 O-O 8. Rb1 d5 9. d3 a5 10. Bf4 e5 11. cxd5 exf4 12. dxc6 fxg3 13. hxg3 Nxc6 14. Ne4 b6 15. Qb3 Be6 16. Qa4 Rc8 17. Neg5 Ba2 18. Ra1 Bd5 19. e4 Be6 20. Nxe6 fxe6 21. Qc4 Qd6 22. Rab1 Rxf3 23. Bxf3 Ne5 24. Qa6 Nxf3+ 25. Kg2 Rf8 26. Rh1 Bd4 27. Qb7 Rf7 28. Qc8+ Kg7 29. Rxh7+ Kf6 30. Rxf7+ Kxf7 31. Kxf3 e5 32. Qb7+ Kf8 33.
Kg2 Qf6 34. Rf1 g5 35. Qc8+ Kg7 36. Qd7+ Kg6 37. Qe8+ Kg7 38. Qd7+ Kg6 39. Qf5+ Qxf5 40. exf5+ Kxf5 41. Kf3 g4+ 42. Ke2 e4 43. dxe4+ Kxe4 44. Rh1 Bxb2 45. a4 c4 46. Kd1 Kf3 47. Kc2 Ba3 48. Rh2 Bc5 49. Kc3 Bxf2 50. Kxc4 Kxg3 51. Rh7 Bc5 52. Rf7 Kh3 53. Rh7+ Kg2 54. Rg7 g3 55. Kd3 Kf1 56. Rf7+ Bf2 57. Rc7 g2 58. Rc1+ Be1 0-1

[Event "Late-Titled-Tuesday-Blitz-February-27-2024"]
[Site "Chess.com"]
[Date "2024.02.27"]
[Round "11"]
[White "Inepton_Fermion"]
[Black "VinzentSpitzl"]
[Result "0-1"]
[WhiteElo "2444"]
[BlackElo "2531"]
[TimeControl "180+1"]
[EndTime "16:06:44 PST"]
[Termination "VinzentSpitzl won by checkmate"]

1. d4 d5 2. Nc3 Nf6 3. Bg5 Nbd7 4. Nf3 h6 5. Bh4 e6 6. e4 dxe4 7. Nxe4 Be7 8. Nxf6+ Bxf6 9. Bxf6 Nxf6 10. Bd3 O-O 11. Qe2 Bd7 12. Ne5 Bc6 13. Nxc6 bxc6 14. c3 c5 15.
dxc5 Qd5 16. O-O Qxc5 17. Rac1 Rfd8 18. Rfd1 g6 19. Qc2 Kg7 20. Be2 Rd6 21. Bf3 Rad8 22.
Qa4 e5 23. Rxd6 cxd6 24. Qc6 Qxc6 25. Bxc6 d5 26. a4 Kf8 27. b4 Ke7 28. f3 Kd6 29.
b5 Kc5 30. Kf2 Ng8 31. Bb7 Ne7 32. Rb1 Rb8 33. Ba6 Nf5 34. g4 Nd6 35. h4 Nc4 36.
Ke2 Rg8 37. Bb7 f5 38. Rd1 Rd8 39. h5 gxh5 40. gxf5 Nb2 41. Rh1 Nxa4 42. Rxh5 Nxc3+ 43. Kd3 Nxb5 44. Rxh6 Nd6 45. Ba6 Nxf5 46. Rf6 Nd6 47. Kd2 e4 48. fxe4 Nxe4+ 49. Ke3 Nxf6 50. Bd3 d4+ 51. Kf4 Nd5+ 52. Ke5 Nb4 53. Ke6 Nxd3 54. Ke7 Rd5 55. Ke6 Nb4 56. Kf6 d3 57. Ke7 d2 58.
Kf7 d1=Q 59. Ke6 Qe2+ 60. Kf6 Rd6+ 61. Kf7 Qe6+ 62. Kg7 Rd7+ 63. Kf8 Qf7# 0-1

[Event "Late-Titled-Tuesday-Blitz-February-27-2024"]
[Site "Chess.com"]
[Date "2024.02.27"]
[Round "11"]
[White "ameetghasi100"]
[Black "hansen"]
[Result "0-1"]
[WhiteElo "2760"]
[BlackElo "2930"]
[TimeControl "180+1"]
[EndTime "16:06:47 PST"]
[Termination "hansen won by checkmate"]

1. Nf3 Nf6 2. g3 g6 3. b3 Bg7 4. Bb2 O-O 5. Bg2 d5 6. O-O c6 7. c4 Bg4 8. d3 Bxf3 9. Bxf3 e6 10. Nd2 a5 11. a3 Ne8 12. d4 Nd6 13. Qc2 Nd7 14. e3 h5 15. Bg2 h4 16. e4 hxg3 17. hxg3 dxe4 18. Nxe4 Nf5 19. Rad1 Nf6 20. Nc5 Qc7 21.
b4 axb4 22. axb4 Rfd8 23. Rfe1 b6 24. Nb3 Ra2 25. Qb1 Ra4 26. Bc3 Ng4 27. Qc2 Ra3 28. Re4 Nxf2 29. Kxf2 Qxg3+ 30. Kf1 Ne3+ 31. Rxe3 Qxe3 32.
Rd3 Qf4+ 33. Rf3 Qh4 34. Be1 Qg4 35. Rd3 c5 36. bxc5 bxc5 37. d5 Rd6 38. Nxc5 Qf5+ 39. Bf2 Ra1+ 40. Ke2 exd5 41. Bxd5 Rf6 42. Bf3 Qe5+ 43.
Ne4 Re6 44. Re3 Qc7 45. Nd2 Rea6 46. Qd3 R1a3 47. Qe4 Ra8 48. Qd5 Bh6 49. Rxa3 Rxa3 50. Ne4 Ra2+ 51. Kf1 Bg7 52. Be3 Qh2 53. Bg1 Qh3+ 54.
Ke1 Qxf3 55. Qd8+ Bf8 56. Bd4 Qe2# 0-1

[Event "Late-Titled-Tuesday-Blitz-February-27-2024"]
[Site "Chess.com"]
[Date "2024.02.27"]
[Round "11"]
[White "jactorres"]
[Black "Resignify"]
[Result "0-1"]
[WhiteElo "2283"]
[BlackElo "2204"]
[TimeControl "180+1"]
[EndTime "16:06:48 PST"]
[Termination "Resignify won by checkmate"]

1. e4 d6 2. d4 Nf6 3. Nc3 g6 4. f4 Bg7 5. Nf3 O-O 6. Bc4 c6 7. O-O d5 8. exd5 cxd5 9. Bb3 Nc6 10. Re1 Bg4 11. Be3 e6 12. h3 Bxf3 13. Qxf3 Rc8 14. Rad1 a6 15. a4 Qb6 16. Bc1 Rfd8 17. Ne2 Ne4 18.
Ba2 Nxd4 19. Nxd4 Bxd4+ 20. Kh2 Bf2 21. Be3 Bxe3 22. Rxe3 Qxb2 23. Bb3 Rc3 24. Rdd3 Rdc8 25. h4 h5 26. g4 hxg4 27. Qxg4 Rxd3 28. Rxd3 Rxc2+ 29.
Bxc2 Qxc2+ 30. Qg2 Qxd3 31. Kg1 Qd1+ 32. Qf1 Qxf1+ 33.
Kxf1 Nc3 34. Kf2 Nxa4 35. Ke3 Nc5 36. Kd4 Nd7 37. Kc3 b6 38. Kb4 Kg7 39. Kc3 Kf6 40.
Kd3 Kf5 41. Ke3 Kg4 42. h5 gxh5 43. Ke2 Kxf4 44. Kf2 f6 45. Kg2 e5 46. Kh1 f5 47.
Kg1 Kg4 48. Kh2 h4 49. Kg2 f4 50. Kh1 e4 51. Kh2 d4 52. Kg2 b5 53. Kg1 a5 54.
Kh2 a4 55. Kg2 b4 56. Kg1 f3 57. Kh2 e3 58. Kg1 d3 59. Kf1 Kg3 60. Ke1 h3 61. Kf1 b3 62. Kg1 a3 63. Kf1 a2 64.
Ke1 b2 65. Kd1 Ne5 66. Ke1 Nc4 67. Kf1 h2 68. Ke1 f2+ 69. Kf1 e2# 0-1

[Event "Late-Titled-Tuesday-Blitz-February-27-2024"]
[Site "Chess.com"]
[Date "2024.02.27"]
[Round "11"]
[White "Bkmzzzzz"]
[Black "Boorchess"]
[Result "1-0"]
[WhiteElo "2423"]
[BlackElo "2504"]
[TimeControl "180+1"]
[EndTime "16:06:50 PST"]
[Termination "Bkmzzzzz won on time"]

1. e4 e5 2. Nf3 Nf6 3. Nc3 Nc6 4. d4 exd4 5. Nxd4 Bb4 6. Nxc6 bxc6 7. Bd3 O-O 8. O-O Re8 9. Bg5 h6 10. Bh4 Rb8 11. Qf3 g5 12. Bg3 d5 13. Bxc7 Qxc7 14. Qxf6 Bxc3 15. Qxc3 dxe4 16. Bc4 Qe5 17. Qxe5 Rxe5 18. b3 Bg4 19. Rae1 Rbe8 20. f3 exf3 21. Rxe5 Rxe5 22. gxf3 Bh3 23. Rd1 Re3 24. Kf2 Rc3 25.
Bd3 Kf8 26. Re1 Rc5 27. Kg3 Be6 28. a4 Ke7 29. h4 Kf6 30. hxg5+ hxg5 31. Rh1 Re5 32.
Rh6+ Ke7 33. Rh8 a5 34. Ra8 Kd6 35. Ra7 Rc5 36. Be4 Ke5 37. Ra6 f5 38. Bxc6 f4+ 39. Kf2 Rxc2+ 40. Ke1 Bxb3 41. Rxa5+ Kd4 42. Be4 Ra2 43.
Rxg5 Ke3 44. Kf1 Rxa4 45. Kg2 Ra1 46. Kh2 Ra2+ 47. Kh3 Bc4 48. Re5 Bf1+ 49. Kg4 Kf2 50. Kxf4 Bg2 51. Rh5 Ra4 52. Rh2 Kg1 53. Rh6 Bxf3 54.
Kxf3 Ra3+ 55. Kf4 Rb3 56. Rc6 Rb4 57. Kf3 1-0

[Event "Late-Titled-Tuesday-Blitz-February-27-2024"]
[Site "Chess.com"]
[Date "2024.02.27"]
[Round "11"]
[White "FabianoCaruana"]
[Black "nihalsarin"]
[Result "0-1"]
[WhiteElo "3055"]
[BlackElo "3195"]
[TimeControl "180+1"]
[EndTime "16:06:52 PST"]
[Termination "nihalsarin won by resignation"]

1. e4 e5 2. Nf3 Nc6 3. Bb5 Nge7 4. O-O Ng6 5. Nc3 Bc5 6. d3 h6 7. Ne2 O-O 8. c3 Bb6 9. Ng3 d6 10. Be3 Qf6 11. h3 Nf4 12. d4 Ne7 13. Re1 Neg6 14. Bf1 c6 15. a4 Bc7 16. a5 a6 17. Nh2 d5 18. Ng4 Bxg4 19. Qxg4 Rad8 20. dxe5 Bxe5 21. Bb6 Rde8 22. exd5 cxd5 23. Rad1 Re6 24. Nh5 Nxh5 25. Qxh5 Rfe8 26. g3 d4 27. Re2 Bxg3 28. fxg3 Rxe2 29. Bxe2 Re3 30. Qg4 h5 31. Bxd4 hxg4 32. Bxf6 Rxe2 33.
Bd4 gxh3 34. b4 Ne7 35. Rf1 Nd5 36. g4 Rg2+ 37. Kh1 Rxg4 38. Rf5 Nxb4 39. Rf3 Nc6 40. Bb6 Rg5 41. Rxh3 Nxa5 42. Re3 Nc4 43. Re8+ Kh7 44. Bd4 Rg6 45. Re7 b5 46. Rxf7 Rg5 47.
Ra7 a5 48. Kh2 a4 49. Kh3 a3 50. Kh4 Rg2 51. Bc5 a2 52. Bd4 Kg6 53. Rxg7+ Kf5 54. Ra7 Ke4 55. Kh3 Rb2 56. Kg3 Kd3 57. Kf3 Kc2 0-1

[Event "Late-Titled-Tuesday-Blitz-February-27-2024"]
[Site "Chess.com"]
[Date "2024.02.27"]
[Round "11"]
[White "ACollins05"]
[Black "Korchmar_Vasiliy"]
[Result "0-1"]
[WhiteElo "2600"]
[BlackElo "2717"]
[TimeControl "180+1"]
[EndTime "16:06:53 PST"]
[Termination "Korchmar_Vasiliy won by resignation"]

1. d4 Nf6 2. c4 g6 3. Nc3 d5 4.
Nf3 Bg7 5. Qb3 dxc4 6. Qxc4 Be6 7. Qd3 O-O 8. e4 c5 9. dxc5 Nc6 10. Be2 Qxd3 11.
Bxd3 Nb4 12. Bb1 Bc4 13. a3 Nd3+ 14. Bxd3 Bxd3 15. Nd2 Nd7 16. Nb3 Rfc8 17. Be3 a5 18.
O-O-O Ne5 19. Nd5 Bxe4 20. Nxe7+ Kf8 21. Nxc8 Rxc8 22. Nxa5 b6 23. Nb3 bxc5 24. Nxc5 Nd3+ 25. Rxd3 Bxd3 26. Rd1 Bb5 27. Kb1 h5 28. b4 Ra8 29.
Ka2 Bc4+ 30. Nb3 Kg8 31. Rd2 h4 32. Bd4 Bf8 33. Kb2 Bh6 34. Rc2 Bd5 35. g3 h3 36.
Nc5 Re8 37. Nd3 Be4 38. Re2 f5 39. f3 Rd8 40. fxe4 Rxd4 41. Nc5 f4 42. gxf4 Bxf4 43. e5 Rd1 44. e6 Kf8 45. e7+ Ke8 46. Ne6 Rd2+ 47.
Rxd2 Bxd2 48. Kb3 Kxe7 49. Nd4 Bf4 50. Nf3 g5 51. b5 g4 52. Nd4 Bxh2 53. b6 Kd7 54. a4 Bb8 55. a5 h2 56. a6 h1=Q 57. a7 Bxa7 58. bxa7 Qb7+ 59. Kc4 Qxa7 0-1

[Event "Late-Titled-Tuesday-Blitz-February-27-2024"]
[Site "Chess.com"]
[Date "2024.02.27"]
[Round "11"]
[White "Hikaru"]
[Black "Firouzja2003"]
[Result "1-0"]
[WhiteElo "3259"]
[BlackElo "3072"]
[TimeControl "180+1"]
[EndTime "16:06:54 PST"]
[Termination "Hikaru won on time"]

1. h3 e5 2. c4 c6 3. d4 e4 4. d5 Nf6 5. Nc3 Bb4 6. Bd2 d6 7.
e3 O-O 8. Nxe4 Nxe4 9. Bxb4 Qf6 10. Qc2 cxd5 11. cxd5 Bf5 12. Bc3 Nxc3 13. Qxc3 Qxc3+ 14. bxc3 Rc8 15. c4 Nd7 16. Nf3 g6 17. Nd2 Nc5 18.
f3 Rc7 19. e4 Bd7 20. Nb3 Na4 21. Be2 Kg7 22. Kd2 b6 23. Rhc1 Rac8 24. f4 Nb2 25. c5 bxc5 26. Ba6 Rd8 27. Rab1 Na4 28. Na5 Nb6 29. Nb7 Rf8 30. Nxd6 f5 31. Nb5 Bxb5 32. Rxb5 fxe4 33. Rbxc5 e3+ 34. Ke2 Rxc5 35. Rxc5 Rxf4 36. Rc7+ Kf6 37. d6 Rd4 38. Rxa7 Rxd6 39. Kxe3 Nd5+ 40. Kf2 Nc3 41. Bc4 Rd4 42. Bb3 Rd2+ 43. Kf3 Rd3+ 44.
Kf2 Rd2+ 45. Kf1 h5 46. Rc7 Ne4 47. Rc2 Ng3+ 48. Ke1 Rd3 49. Rf2+ Kg5 50. Bc2 Rc3 51.
Kd2 Ra3 52. Bb1 Ra5 53. Rf3 h4 54. Rb3 Nh5 55. Rb4 Nf4 56. a4 Rd5+ 57. Kc3 Rd1 58.
Be4 Re1 59. Bf3 Re3+ 60. Kc4 1-0

[Event "Late-Titled-Tuesday-Blitz-February-27-2024"]
[Site "Chess.com"]
[Date "2024.02.27"]
[Round "11"]
[White "delqate"]
[Black "jodarmarlon1985"]
[Result "0-1"]
[WhiteElo "2397"]
[BlackElo "2271"]
[TimeControl "180+1"]
[EndTime "16:06:58 PST"]
[Termination "jodarmarlon1985 won by checkmate"]

1. d4 d5 2. Bf4 Nf6 3. e3 e6 4. Nf3 Bd6 5. Bd3 Bxf4 6. exf4 Qd6 7. Qc1 O-O 8. O-O c5 9. dxc5 Qxc5 10. Nbd2 Nc6 11.
Nb3 Qd6 12. Re1 a5 13. a4 Nb4 14. Bf1 Bd7 15. c3 Na6 16. Ne5 Nc5 17. Nxc5 Qxc5 18. Qe3 Qxe3 19. fxe3 Rfc8 20. g4 Be8 21. Bd3 Nd7 22.
Nxd7 Bxd7 23. Ra3 Rab8 24. Rea1 Kf8 25. Rb3 b6 26. Kf2 Ke7 27. Kg3 Kd6 28. h4 f6 29.
g5 h6 30. e4 hxg5 31. hxg5 fxg5 32. fxg5 Rh8 33. exd5 exd5 34. Bf1 Rh5 35. Bg2 Rxg5+ 36. Kf2 Rf8+ 37. Bf3 Rgf5 38. c4 dxc4 39. Rd1+ Kc7 40. Rc3 Bc6 41. Rxc4 Rxf3+ 42. Kg1 Rg3+ 43. Kh2 Rg6 44.
Rd3 Rh8+ 45. Rh3 Rxh3+ 46. Kxh3 Rg1 47. Kh2 Rg2+ 48. Kh3 g5 49. b4 axb4 50. Rxb4 Rg1 51. Rc4 g4+ 52. Kh4 g3 53. Kh3 g2 54. Rg4 Rh1+ 55.
Kg3 g1=Q+ 56. Kf4 Qd4+ 57. Kg5 Qxg4+ 58. Kxg4 Ra1 59. a5 Rxa5 60. Kf4 Rd5 61. Ke3 b5 62.
Ke2 b4 63. Ke3 b3 64. Ke2 b2 65. Ke3 b1=Q 66. Ke2 Qe4+ 67. Kf2 Rf5+ 68. Kg3 Qf4+ 69. Kh3 Qh6+ 70. Kg4 Qg6+ 71. Kh4 Rh5# 0-1

[Event "Late-Titled-Tuesday-Blitz-February-27-2024"]
[Site "Chess.com"]
[Date "2024.02.27"]
[Round "11"]
[White "waltereador"]
[Black "LUISMIGUELOV"]
[Result "1-0"]
[WhiteElo "2300"]
[BlackElo "2182"]
[TimeControl "180+1"]
[EndTime "16:07:00 PST"]
[Termination "waltereador won on time"]

1. e4 c6 2. d4 d5 3. exd5 cxd5 4. Bd3 Nc6 5. c3 Qc7 6. Nf3 Bg4 7. h3 Bxf3 8. Qxf3 e6 9. Bf4 Bd6 10. Bxd6 Qxd6 11.
O-O Nf6 12. Re1 O-O 13. Nd2 a6 14. Qe2 b5 15. a3 Na5 16. Nf3 Nc4 17. Rad1 Qc7 18.
Ne5 Nxe5 19. dxe5 Nd7 20. Qh5 g6 21. Qe2 Rfd8 22. h4 Nc5 23. Bb1 Qe7 24. h5 Qg5 25. hxg6 hxg6 26. g3 Kg7 27. Kg2 Rh8 28. Rh1 Nd7 29. f4 Qe7 30. Qg4 Rxh1 31. Rxh1 Rh8 32. Rxh8 Kxh8 33. Kf1 Kg7 34. Bd3 Nc5 35. Bc2 Ne4 36.
Bxe4 dxe4 37. Qe2 Qb7 38. Ke1 Qd5 39. Qd2 Qc4 40. Kf2 Qc5+ 41. Qe3 Qc4 42. Qd4 Qa2 43. Qd2 Qc4 44. Ke3 Qf1 45. Kxe4 Qh1+ 46. Kd3 Qf3+ 47.
Kc2 Qxg3 48. b3 Qf3 49. Kb2 Qe4 50. Qf2 a5 51. Qd2 a4 52. bxa4 bxa4 53. Qd4 Qe2+ 54. Kc1 Qe1+ 55. Kc2 Qe2+ 56. Qd2 Qe4+ 57. Kd1 Qh1+ 58.
Ke2 Qg2+ 59. Kd3 Qf3+ 60. Kc4 Qc6+ 61. Kb4 Qa6 62. Qd4 Qa8 63. c4 Qa6 64. c5 g5 65.
fxg5 Qb7+ 66. Kxa4 Qc6+ 67. Kb4 Qb7+ 68. Kc3 Qc6 69. a4 Qf3+ 70. Kb4 Qb7+ 71. Kc4 Qa6+ 72. Kc3 Qa5+ 73. Kd3 Qa6+ 74. Ke3 Qc6 75. Kf4 Qg2 76. Qe3 1-0

[Event "Late-Titled-Tuesday-Blitz-February-27-2024"]
[Site "Chess.com"]
[Date "2024.02.27"]
[Round "11"]
[White "Nf3c5"]
[Black "Narek_Ghimoyan"]
[Result "0-1"]
[WhiteElo "2542"]
[BlackElo "2431"]
[TimeControl "180+1"]
[EndTime "16:07:03 PST"]
[Termination "Narek_Ghimoyan won on time"]

1. d4 d5 2. Nf3 Nf6 3. Bg5 h6 4. Bxf6 exf6 5. e3 c6 6. c4 Bd6 7.
cxd5 cxd5 8. Nc3 Be6 9. Qb3 Qb6 10. Bb5+ Nc6 11. O-O O-O 12. Nxd5 Bxd5 13. Qxd5 Nb4 14.
Qc4 Rac8 15. Qe2 Rc2 16. Nd2 Rxd2 17. Qxd2 Qxb5 18. a3 Nc6 19. b4 Re8 20. Rab1 Qh5 21.
g3 Nd8 22. Qd1 Qg6 23. Qf3 Qe4 24. Qxe4 Rxe4 25. Rfc1 Kf8 26. Rc8 Ke7 27. Rbc1 Kd7 28.
R8c4 f5 29. a4 g5 30. Kf1 f4 31. Ke2 fxe3 32. fxe3 f5 33. Kd3 Nc6 34. Rb1 h5 35. b5 Na5 36. Rc2 h4 37. Rf1 hxg3 38. hxg3 Ke6 39.
Rxf5 Rxe3+ 40. Kxe3 Kxf5 41. Rf2+ Kg4 42. Ke4 Bxg3 43. Rf6 Nc4 44. d5 Nd6+ 45. Kd4 b6 46. Re6 Kf5 47. Re7 g4 48. Rxa7 Be5+ 49. Kd3 g3 50. Ra8 Bf4 51. Rg8 Bg5 52. Ke2 Kg4 53. Kf1 Nf5 54. Rg6 Kh5 55. Rg8 Kg4 56. Rg6 Kf4 57.
Rxb6 Ne3+ 58. Kg1 Kf3 59. Rg6 Bf4 60. Rf6 Nxd5 61. Rxf4+ Nxf4 62. a5 Ne2+ 63. Kf1 g2+ 64. Ke1 g1=Q+ 65. Kd2 Qd4+ 0-1

[Event "Late-Titled-Tuesday-Blitz-February-27-2024"]
[Site "Chess.com"]
[Date "2024.02.27"]
[Round "11"]
[White "Defenstrator"]
[Black "RantomOpening"]
[Result "0-1"]
[WhiteElo "2417"]
[BlackElo "2567"]
[TimeControl "180+1"]
[EndTime "16:07:06 PST"]
[Termination "RantomOpening won by resignation"]

1. b3 d5 2. Bb2 e6 3. e4 Nf6 4. e5 Nfd7 5. Qg4 c5 6. f4 Nc6 7. Nf3 f5 8. Qg3 b6 9. Ng5 Ndb8 10. Nxh7 Ba6 11. Qg6+ Kd7 12. Ng5 Qe7 13. c4 d4 14. Nf7 Rg8 15. Nd6 Rh8 16. a3 Qh4+ 17.
g3 Qh5 18. Qxh5 Rxh5 19. Bg2 Bxd6 20. exd6 Kxd6 21. b4 Bb7 22. b5 Na5 23. Bxb7 Nxb7 24. d3 Nd7 25. Nd2 e5 26. O-O Re8 27. Rae1 g6 28. Nf3 e4 29. dxe4 fxe4 30. Ng5 e3 31.
h4 Kc7 32. f5 Nd6 33. fxg6 Nxc4 34. Bc1 d3 35. Bxe3 Rg8 36. Bf4+ Kb7 37. Re7 Kc8 38. g7 d2 39. Ne6 Rd5 40. Rd1 Nxa3 41. Rxd2 Rxd2 42. Bxd2 Nxb5 43. Rf7 Nd6 44. Rf8+ Nxf8 45. gxf8=Q+ Rxf8 46. Nxf8 a5 47. h5 Nf7 48. g4 a4 49. g5 a3 50. g6 Kd8 51. gxf7 Ke7 52.
Ng6+ Kxf7 53. Nf4 b5 54. Kf2 b4 55. Nd3 a2 56. Nxc5 a1=Q 57. Ne4 Qd4+ 58. Kf3 b3 59. Bc3 Qd3+ 60. Kf4 Qf1+ 61. Ke3 Qh3+ 62. Kd2 Qxh5 63. Nd6+ Ke6 64. Nc4 Qd5+ 0-1

[Event "Late-Titled-Tuesday-Blitz-February-27-2024"]
[Site "Chess.com"]
[Date "2024.02.27"]
[Round "11"]
[White "martinmena"]
[Black "Supelyel"]
[Result "1-0"]
[WhiteElo "2246"]
[BlackElo "2362"]
[TimeControl "180+1"]
[EndTime "16:07:09 PST"]
[Termination "martinmena won by resignation"]

1. c4 d6 2. g3 Nf6 3. Bg2 Nbd7 4. Nc3 e5 5. e4 Be7 6. Nge2 O-O 7. O-O c6 8. d3 a5 9. h3 h6 10. Be3 b6 11. f4 Bb7 12. g4 exf4 13. Bxf4 Ne5 14. b3 Ng6 15. Bg3 Nh7 16. Nd4 Bf6 17. Nde2 b5 18.
cxb5 cxb5 19. Rc1 b4 20. Nd5 Bxd5 21. exd5 Re8 22. Nf4 Bg5 23. Rc4 Bxf4 24. Bxf4 Nxf4 25. Rcxf4 f6 26. h4 Nf8 27. Be4 Re5 28. Qf3 Nd7 29.
Bf5 Qb6+ 30. d4 Nf8 31. Kg2 Re7 32. Re4 Rae8 33. Rfe1 Rxe4 34. Rxe4 Rxe4 35. Qxe4 Qc7 36. Be6+ Kh8 37. g5 fxg5 38. hxg5 Qe7 39. gxh6 Qg5+ 40. Qg4 Qxg4+ 41. Bxg4 gxh6 42. Bf5 Kg7 43. Kf3 Kf6 44.
Ke4 Ng6 45. Bg4 Kg5 46. Be2 h5 47. Bxh5 Nh4 48. Be2 Ng2 49. Bc4 Nf4 50. Ke3 Kf5 51.
Bd3+ Kg5 52. Be4 Kg4 53. Bf3+ Kg3 54. Be4 Kg4 55. Bh7 Kg5 56. Bg8 Nh5 57. Be6 Nf6 58. Kd3 Kf4 59. Kc4 Ke3 60. Kb5 Kxd4 61. Kxa5 Nxd5 62.
Bxd5 Kxd5 63. Kxb4 Ke4 64. Kc3 Ke3 65. Kc2 d5 66. Kd1 Kd4 67. b4 Kc4 68. a3 Kb5 69. Kd2 1-0